Map: Imperio eterno EE

Players

MrFercho

  • Race: Zerg Zerg
  • League: Silver
  • Spawn Location: 7:00

tadeogamer - Winner!

  • Race: Protoss Protoss
  • League: Silver
  • Spawn Location: 1:00

VOD

Have the link to the VOD?

Description

Time

  • Played on: May 26, 2020, 9:27 a.m.
  • Length: 2:38
Show
View Real Time Build Order
Export as new Build Order

MrFercho Zerg 

Build Orders: Pool Only 

Get SALT Encoding   

  12  0:01  Drone  
  13  0:13  Overlord  
  13  0:19  Drone  
  14  0:24  Extractor  
  14  0:28  Extractor, Drone  
  13  0:29  Drone  
  14  0:37  Drone  
  15  0:54  Drone  
  16  1:01  Spawning Pool  
  16  1:03  Drone  
  16  1:09  Drone  
  17  1:18  Overlord  
Show
View Real Time Build Order
Export as new Build Order

tadeogamer Protoss - Winner!

Build Orders: Cannon Rush 

Get SALT Encoding   

  12  0:15  Pylon  
  12  0:17  Probe  
  13  0:39  Forge  
  13  0:56  Probe (Chrono Boost)  
  14  1:08  Probe (Chrono Boost)  
  15  1:13  Probe (Chrono Boost)  
  16  1:19  Pylon  
  16  1:22  Probe  
  17  1:30  Pylon  
  17  1:52  Photon Cannon  
  17  1:54  Photon Cannon  
  17  1:57  Photon Cannon  
  17  1:59  Photon Cannon  
  17  2:05  Photon Cannon  
  17  2:10  Photon Cannon  
  17  2:37  Photon Cannon  
Tags
 
Add a new tag
Caveats
  • Supply blocks, unpowered buildings, or Contaminate may cause inaccurate times.
  • Supply counts are checked every 10 seconds.